 Dungeon Crawl Stone Soup version 0.28.0-53-g5a82cb258f (webtiles) character file.

Game seed: 10919102613180915090

166 Infinimo the Cudgeller (level 5, -10/51 HPs)
             Began as a Gargoyle Berserker on June 14, 2022.
             Was a Believer of Trog.
             Mangled by an ogre
             ... wielding a +0 giant club
              (20 damage)
             ... on level 4 of the Dungeon.
             The game lasted 00:03:16 (3215 turns).

Infinimo the Cudgeller (Gargoyle Berserker)         Turns: 3215, Time: 00:03:17

Health: -10/51     AC:  6    Str: 23    XL:     5   Next: 47%
Magic:  5/5        EV: 11    Int:  7    God:    Trog [**....]
Gold:   45         SH:  0    Dex:  9    Spells: 4/4 levels left

rFire   . . .      SeeInvis .   j - +1 flail
rCold   . . .      Faith    .   (no shield)
rNeg    + . .      Spirit   .   b - +0 animal skin
rPois   ∞          Reflect  .   (no helmet)
rElec   +          Harm     .   (no cloak)
rCorr   .          Rampage  .   (no gloves)
Will    .....                   (no boots)
Stlth   ..........              (no amulet)
HPRegen 0.17/turn               (no ring)
MPRegen 0.09/turn               (no ring)

@: berserking, very quick
A: sickness immunity, AC +4, negative energy resistance 1, electricity
resistance, torment resistance 1, petrification resistance
a: Renounce Religion, Berserk, Trog's Hand


You were on level 4 of the Dungeon.
You worshipped Trog.
Trog was pleased with you.
You visited 1 branch of the dungeon, and saw 4 of its levels.

You collected 45 gold pieces.

Inventory:

Hand Weapons
 j - a +1 flail (weapon)
Armour
 b - a +0 animal skin (worn)
Scrolls
 c - a scroll of magic mapping
 e - a scroll of enchant weapon
Potions
 a - 2 potions of might
 d - a potion of haste
 g - a potion of lignification {unknown}
 h - a potion of brilliance {unknown}
 m - a potion of curing {unknown}


   Skills:
 + Level 4.3 Fighting
 * Level 4.7 Maces & Flails
 + Level 3.4 Armour
 - Level 1.5 Dodging


You had 4 spell levels left.
You didn't know any spells.
Your spell library was empty.

Dungeon Overview and Level Annotations

Branches:
Dungeon (4/15)
 Temple: D:4-7

Altars:


Innate Abilities, Weirdness & Mutations

You are immune to sickness and miasma.
Your stone body is resilient. (AC +4)
You are immune to poison.
You resist negative energy. (rN+)
You are resistant to electric shocks. (rElec)
You are resistant to unholy torment.
You are immune to petrification.


Message History

Done exploring.
Done exploring.
Done exploring.
Search for what [Enter for "."]?
(D) Dungeon
Where to? (Enter - D:3, ? - help)
There is a stone staircase leading down here.
You climb downwards.
Found 15 stones and a robe.
Found a stone staircase leading down.
There is a stone staircase leading up here.
An adder is nearby!
An adder is nearby!
The adder hisses angrily.
You sock the adder!
You kill the adder!
Trog accepts your kill.
No target in view!
No target in view!
Found a pair of gloves.
An ogre comes into view. It is wielding a +0 giant club.
The ogre shouts!
An ogre is nearby!
An ogre is nearby!
You see here 15 stones.
The ogre hits you with a +0 giant club!
You see here 15 stones.
A red film seems to cover your vision as you go berserk!
You feel yourself moving faster!
You feel mighty!
You hit the ogre.
The ogre is lightly wounded.
The ogre hits you with a +0 giant club!!
* * * LOW HITPOINT WARNING * * *
You are too injured to fight recklessly!
You are too injured to fight recklessly!
You closely miss the ogre.
The ogre is lightly wounded.
You barely miss the ogre.
The ogre is lightly wounded.
The ogre hits you with a +0 giant club!!
You die...

....... .......
....... .......
.......##########
#......>.......#
#.............†#
#....[..(......#
#...........O@<#
#..............#
#..............#
...............[#
.##########.....#
#.....# #.....#
#.....#


You could see an ogre.

Vanquished Creatures
  Terence (D:2)
  Robin (D:1)
  2 adders
  4 gnolls
  4 ball pythons
  3 endoplasms
  A giant cockroach (D:2)
  16 goblins
  10 hobgoblins
  2 jackals (D:1)
  8 kobolds
  3 quokkas
  6 bats
  3 frilled lizards
  6 rats
70 creatures vanquished.

Notes
Turn   | Place    | Note
-------+----------+-------------------------------------------
     0 | D:1      | Infinimo the Gargoyle Berserker began the quest for the
                  | Orb.
     0 | D:1      | Reached XP level 1. HP: 14/14 MP: 1/1
   158 | D:1      | Reached XP level 2. HP: 14/19 MP: 2/2
  1176 | D:2      | Reached XP level 3. HP: 23/23 MP: 3/3
  1189 | D:2      | Reached ** piety under Trog
  1313 | D:2      | Noticed Robin
  1336 | D:1      | Killed Robin
  1560 | D:2      | Reached XP level 4. HP: 29/29 MP: 4/4
  1590 | D:2      | Noticed Terence
  1606 | D:2      | Killed Terence
  2166 | D:2      | Found a faded altar of an unknown god.
  2522 | D:3      | Reached XP level 5. HP: 31/33 MP: 5/5
  3201 | D:4      | Noticed an ogre
  3215 | D:4      | Mangled by an ogre

Illustrated notes

Levels and vault maps discovered:
D:1:      giann_horns, layout_basic
D:2:      layout_loops_ring, dilly_ecumenical_altar_fadedgnrine, uniq_robin,
          uniq_terence
D:3:      layout_loops_ring
D:4:      cheibrodos_greedy_goblins, layout_gridville,
          minmay_temple_entry_offerings, uniq_menkaure

Skill      XL: |  1  2  3  4 |
---------------+-------------+-----
Maces & Flails | 4 |  4.7
Armour         | 3 |  3.4
Fighting       | 4 |  4.3
Dodging        | |  1.5

Action                   |  1- 3 |  4- 6 || total
-------------------------+-------+-------++-------
Melee: Mace              |   120 |    38 ||   158
       Flail             |       |    43 ||    43
       Punch             |       |     1 ||     1
Invok: Berserk           |     1 |     4 ||     5
  Use: Scroll            |       |     8 ||     8
 Stab: Sleeping          |     1 |     1 ||     2
Armor: Animal skin       |    54 |    34 ||    88
Dodge: Dodged            |    91 |    47 ||   138
